 Dungeon Crawl Stone Soup version 0.24.1-1-gd1d2a07e1b (webtiles) character file.

Game seed: 4866821194978352951, levelgen mode: deterministic

31051 BuffBuff the Severer (level 13, -4/121 (122) HPs)
             Began as a Minotaur Berserker on Apr 8, 2020.
             Was a High Priest of Trog.
             Slain by a spriggan rider
             ... wielding a +0 spear
              (13 damage)
             ... on level 4 of the Lair of Beasts.
             The game lasted 00:49:55 (16309 turns).

BuffBuff the Severer (Minotaur Berserker)          Turns: 16309, Time: 00:49:55

HP:   -4/121 (122)  AC: 20    Str: 24    XL:     13   Next: 23%
MP:   12/12         EV:  8    Int:  4    God:    Trog [*****.]
Gold: 597           SH:  0    Dex: 13    Spells: 12/12 levels left

rFire    . . .     SeeInvis .   o - +1 battleaxe (venom)
rCold    + . .     Gourm    .   (shield currently unavailable)
rNeg     + . .     Faith    .   J - +0 plate armour
rPois    .         Spirit   .   (helmet restricted)
rElec    .         Reflect  .   (no cloak)
rCorr    .         Harm     .   b - +1 pair of gloves
MR       ++++.     Clarity  +   z - +0 pair of boots
Stlth    ..........             a - amulet of the Four Winds {rN+ MR+++ Clar}
HPRegen  0.30/turn              G - ring of protection from magic
MPRegen  0.13/turn              t - ring of protection from cold

@: lethally poisoned (-4 -> -4), berserk cooldown, slowed, very slow
A: retaliatory headbutt, horns 2
a: Berserk, Trog's Hand, Brothers in Arms, Renounce Religion


You were on level 4 of the Lair of Beasts.
You worshipped Trog.
Trog was extremely pleased with you.
You were hungry.

You visited 2 branches of the dungeon, and saw 16 of its levels.

You collected 1036 gold pieces.
You spent 439 gold pieces at shops.

Inventory:

Hand Weapons
 o - a +1 battleaxe of venom (weapon)
Missiles
 N - 5 curare-tipped darts (quivered)
Armour
 b - a +1 pair of gloves (worn)
 z - a +0 pair of boots (worn)
 J - a +0 plate armour (worn)
Jewellery
 a - the amulet of the Four Winds (around neck) {rN+ MR+++ Clar}
   (You bought it in a shop on level 4 of the Dungeon)

   [amulet of nothing]

   It protects you from negative energy.
   It affects your resistance to hostile enchantments.
   It protects you against confusion.
 i - an uncursed ring of positive energy
 t - a ring of protection from cold (right hand)
 B - an uncursed amulet of rage {unknown}
 G - a ring of protection from magic (left hand)
Wands
 d - a wand of digging (6)
 F - a wand of clouds (4)
 H - a wand of flame (16)
 I - a wand of paralysis (18)
Scrolls
 j - 3 scrolls of fear
 k - 2 scrolls of enchant weapon
 m - 7 scrolls of identify
 n - 3 scrolls of enchant armour
 p - a scroll of holy word {unknown}
 u - 4 scrolls of teleportation
 y - 4 scrolls of amnesia
 A - 3 scrolls of remove curse
 C - 2 scrolls of fog
 D - 4 scrolls of magic mapping
 K - 2 scrolls of blinking {unknown}
 M - a scroll of silence {unknown}
Potions
 e - 2 potions of mutation {unknown}
 f - 4 potions of flight {unknown}
 g - 4 potions of heal wounds
 h - 3 potions of lignification {unknown}
 l - a potion of haste {unknown}
 q - 10 potions of curing
 r - 2 potions of agility {unknown}
 s - 2 potions of ambrosia {unknown}
 v - 3 potions of berserk rage {unknown}
 w - a potion of might
 E - 4 potions of brilliance {unknown}
Comestibles
 c - 16 rations
 L - 4 chunks of flesh


   Skills:
 + Level 13.6 Fighting
 * Level 18.1 Axes
 + Level 13.4 Armour
 - Level 2.1 Dodging


You had 12 spell levels left.
You didn't know any spells.
Your spell library was empty.

Dungeon Overview and Level Annotations

Branches:
Dungeon (12/15)            Temple (0/1) D:5            Lair (3/6) D:10
 Spider (0/4) Lair:2          Orc (0/2) D:12
  Swamp: Lair:2-4    Shoals: Lair:2-4

Altars:
Ashenzari
Elyvilon
Fedhas
Gozag
Hepliaklqana
Makhleb
Nemelex Xobeh
Okawaru
Sif Muna
Trog
Yredelemnul
The Shining One

Shops:
D:4 *=   D:9 [

Annotations:
D:9 exclusions: obsidian statue and orange crystal statue


Innate Abilities, Weirdness & Mutations

You reflexively headbutt those who attack you in melee.
You have a pair of horns on your head.


Message History

You feel as though you will be slow longer.
You feel sick.
The wolf pauses to sniff the ground.
Found a stone staircase leading down.
You feel sick.
The wolf bites you but does no damage. x2
The wolf barely misses you. You furiously retaliate!
You headbutt the wolf.
Your skin stops crawling.
You feel less resistant to hostile enchantments.
You feel sick.
The wolf bites you but does no damage. x2
The spriggan rider completely misses you.
The wolf barely misses you.
You feel sick. The wolf bites you but does no damage.
The wolf barely misses you. The spriggan rider misses you.
The wolf bites you but does no damage. The spiny frog stings you.
* * * LOW HITPOINT WARNING * * *
You feel sick. The wolf bites you.
* * * LOW HITPOINT WARNING * * *
The wolf bites you but does no damage.
The spriggan rider hits you from afar with a +0 spear!
You die...

... ... #... #...#
###.#.####### ###
#...P..#P#..###.##
........h..#(.†#†##
.......@hi........##
P...>...#F[..#.....##
##.####P##..###.....###
####### ##......#
#......## ####....♣
#...%. #...... #...♣...


You could see a spriggan rider, a spiny frog and 2 wolves.

Vanquished Creatures
  A hydra (Lair:3)
  Harold (D:8)
  3 death yaks (D:10)
  3 two-headed ogres
  3 oklob plants (Lair:1)
  A manticore (D:12)
  4 cyclopes
  An ugly thing (D:11)
  3 black mambas
  A centaur zombie (D:11)
  4 spiny frogs
  A komodo dragon (D:11)
  2 trolls (D:11)
  2 hornets
  A jumping spider (Lair:2)
  9 blink frogs (Lair:3)
  7 hippogriffs
  2 wyverns
  A shadow (D:12)
  23 yaks
  A redback (Lair:2)
  2 steam dragons
  A basilisk (Lair:2)
  3 hungry ghosts
  Grum (D:11)
  8 water moccasins
  3 porcupines
  4 orc warriors
  A hornet zombie (D:5)
  3 sky beasts
  A black bear (D:12)
  3 ice beasts
  A necrophage (D:10)
  An eye of draining (D:10)
  7 ogres
  5 phantoms
  25 wolves
  7 centaurs
  13 crocodiles
  10 bullfrogs
  A scorpion (D:12)
  25 wights
  3 electric eels (Lair:3)
  3 crimson imps
  2 howler monkeys (D:10)
  3 jellies
  9 orc priests
  4 hounds
  A gnoll shaman (D:5)
  3 bullfrog skeletons
  3 centaur skeletons
  5 iguanas
  12 orc wizards
  3 worker ants
  A killer bee zombie (D:7)
  10 adders
  11 gnolls
  A howler monkey skeleton (D:5)
  5 shadow imps
  3 oozes
  4 adder skeletons
  An adder zombie (D:5)
  2 worms
  4 leopard geckos
  61 orcs
  2 ball pythons
  8 bats
  2 giant cockroaches (D:5)
  10 goblins
  7 hobgoblins
  11 jackals
  4 quokkas
  7 frilled lizards
  7 kobolds
  A leopard gecko zombie (D:5)
  A quokka skeleton (D:4)
  7 rats
  A bush (D:7)
  A fungus (Lair:2)
  A plant (Lair:1)
423 creatures vanquished.

Vanquished Creatures (others)
  3 fungi
  2 plants
5 creatures vanquished.

Grand Total: 428 creatures vanquished

Notes
Turn   | Place    | Note
-------+----------+-------------------------------------------
     0 | D:1      | BuffBuff the Minotaur Berserker began the quest for the
                  | Orb.
     0 | D:1      | Reached XP level 1. HP: 19/19 MP: 0/0
   121 | D:1      | Reached skill level 4 in Axes
   222 | D:1      | Reached XP level 2. HP: 27/27 MP: 1/1
   710 | D:2      | Reached XP level 3. HP: 33/33 MP: 2/2
   923 | D:2      | Found a faded altar of an unknown god.
  1339 | D:3      | Reached ** piety under Trog
  1393 | D:3      | Reached XP level 4. HP: 40/40 MP: 3/3
  1416 | D:3      | Reached skill level 5 in Axes
  1421 | D:3      | Found a basalt altar of Yredelemnul.
  1726 | D:3      | Found a shimmering blue altar of Sif Muna.
  1910 | D:3      | Found a sparkling altar of Nemelex Xobeh.
  2227 | D:4      | Reached XP level 5. HP: 39/47 MP: 4/4
  2252 | D:4      | Found a shattered altar of Ashenzari.
  2344 | D:4      | Found Dirchec's Jewellery Shop.
  2534 | D:4      | Found Gozag's Platinum Reserve.
  2581 | D:4      | Found an opulent altar of Gozag.
  2651 | D:4      | Reached *** piety under Trog
  2653 | D:4      | Reached skill level 6 in Axes
  2669 | D:4      | Reached skill level 5 in Fighting
  3004 | D:5      | Entered Level 5 of the Dungeon
  3057 | D:5      | Reached XP level 6. HP: 39/56 MP: 5/5
  3210 | D:5      | Found a staircase to the Ecumenical Temple.
  3252 | D:5      | Noticed a sky beast
  3274 | D:5      | Reached skill level 7 in Axes
  3290 | D:4      | Killed a sky beast
  3290 | D:4      | Reached skill level 5 in Armour
  3290 | D:4      | Reached XP level 7. HP: 30/62 MP: 6/6
  3693 | D:5      | Reached skill level 8 in Axes
  3953 | D:5      | Reached **** piety under Trog
  4236 | D:5      | Reached XP level 8. HP: 48/71 MP: 7/7
  4532 | D:5      | Reached skill level 9 in Axes
  5207 | D:6      | Received a gift from Trog
  5589 | D:6      | Reached skill level 10 in Axes
  5605 | D:6      | Found a glowing golden altar of the Shining One.
  5986 | D:4      | Bought the amulet of the Four Winds {rN+ MR+++ Clar} for
                  | 439 gold pieces
  5986 | D:4      | Found the amulet of the Four Winds {rN+ MR+++ Clar}
  6069 | D:6      | Found a blossoming altar of Fedhas.
  6136 | D:6      | Found a hazy altar of Hepliaklqana.
  6164 | D:6      | Found a bloodstained altar of Trog.
  6270 | D:7      | Reached XP level 9. HP: 81/81 MP: 8/8
  6280 | D:7      | Found an iron altar of Okawaru.
  6304 | D:7      | Found a white marble altar of Elyvilon.
  6402 | D:7      | Found a blossoming altar of Fedhas.
  6418 | D:7      | Reached skill level 11 in Axes
  7287 | D:8      | Reached skill level 12 in Axes
  7289 | D:8      | Noticed Harold
  7311 | D:8      | Killed Harold
  7311 | D:8      | Reached XP level 10. HP: 43/91 MP: 9/9
  7944 | D:8      | Found a burning altar of Makhleb.
  8284 | D:9      | Found Muedayc's Antique Armour Shoppe.
  8356 | D:9      | Reached skill level 13 in Axes
  8363 | D:9      | Noticed a two-headed ogre
  8372 | D:9      | Killed a two-headed ogre
  8372 | D:9      | Reached skill level 10 in Fighting
  8425 | D:9      | Found a shattered altar of Ashenzari.
  8430 | D:9      | Noticed an obsidian statue
  8855 | D:9      | Noticed an orange crystal statue
  8976 | D:10     | Entered Level 10 of the Dungeon
  9002 | D:10     | Reached skill level 10 in Armour
  9073 | D:10     | Noticed a death yak
  9080 | D:10     | Noticed a death yak
  9084 | D:10     | Noticed a death yak
  9102 | D:10     | Killed a death yak
  9102 | D:10     | Reached skill level 14 in Axes
  9109 | D:10     | Reached XP level 11. HP: 49/101 MP: 10/10
  9121 | D:10     | Killed a death yak
  9420 | D:10     | Killed a death yak
  9674 | D:10     | Reached ***** piety under Trog
  9810 | D:10     | Found a staircase to the Lair.
 10278 | D:11     | Reached skill level 15 in Axes
 10491 | D:11     | Noticed a red ugly thing
 10506 | D:11     | Killed a red ugly thing
 10557 | D:11     | Noticed Grum
 10573 | D:11     | Killed Grum
 11045 | D:11     | Noticed a two-headed ogre
 11052 | D:11     | Killed a two-headed ogre
 11333 | D:11     | Received a gift from Trog
 11888 | D:12     | Noticed a two-headed ogre
 11895 | D:12     | Killed a two-headed ogre
 11895 | D:12     | Reached skill level 16 in Axes
 11895 | D:12     | Reached XP level 12. HP: 111/111 MP: 11/11
 12505 | D:12     | Found a staircase to the Orcish Mines.
 13219 | Lair:1   | Entered Level 1 of the Lair of Beasts
 13754 | Lair:1   | Reached skill level 17 in Axes
 14820 | Lair:2   | Found a hole to the Spider Nest.
 15465 | Lair:3   | Noticed a five-headed hydra
 15767 | Lair:3   | Killed a nine-headed hydra
 15767 | Lair:3   | Reached XP level 13. HP: 121/121 MP: 12/12
 16245 | Lair:3   | Reached skill level 18 in Axes
 16253 | Lair:3   | Received a gift from Trog
 16267 | Lair:3   | You fall into a shaft and drop 1 floor!
 16309 | Lair:4   | Slain by a spriggan rider

Levels and vault maps discovered:
D:1:      minmay_arrival_arboretum_small, layout_loops_corners
D:2:      layout_basic, chequers_ecumenical_altar_island
D:3:      layout_rooms, lemuel_crystal_altar, nemelex_xobeh_ov_fountains_minmay,
          overflow_temple_1_default
D:4:      layout_loops_corners, nicolae_overflow_crystal_walls,
          nicolae_gozag_zags_fifth_avenue, serial_shops, shop_statue,
          minmay_quantized
D:5:      cheibrodos_fzero, layout_basic, temple_green, first_ration
D:6:      layout_cave_pools, marbit_many_paths, nicolae_overflow_hidden_temple
D:7:      layout_rooms, okawaru_trees_1, elyvilon_altar_3,
          chequers_serial_rivers_micro_a, amethyst_killhole,
          fedhas_bush_and_centaur_altar
D:8:      layout_basic, lemuel_crystal_altar, minmay_misc_feat_pillars,
          uniq_harold
D:9:      minmay_separated_statues, layout_small_grid, basic_altar,
          serial_shops, nicolae_shop_waterfront
D:10:     layout_gridville, dpeg_lair_monsters
D:11:     layout_stronghold, uniq_grum
D:12:     layout_loops_ring, orc_0_dummy
Lair:1:   layout_loops_ring, minmay_lair_oklob_chamber
Lair:2:   layout_cave_pods, spider_nest_entry_a, infiniplex_staircase_pool_2,
          serial_bayou_shore_b, lemuel_fruit_tree
Lair:3:   layout_cave_pods, serial_bayou_shore_b, grunt_megastairs_2,
          infiniplex_staircase_pool
Lair:4:   layout_concentric_octagons, skrybe_swamp_entry_bodies,
          grunt_forest_large_clearings, grunt_megastairs_5, uniq_josephine

Skill      XL: |  1  2  3  4  5  6  7  8  9 10 11 12 13 |
---------------+----------------------------------------+-----
Axes           | 4 5 6 7 8 10 12 14 16 17 18 | 18.1
Fighting       | 4 5 6 7 9 10 12 13 | 13.6
Armour         | 3 4 5 6 7 9 10 11 13 | 13.4
Dodging        | |  2.1

Action                   |  1- 3 |  4- 6 |  7- 9 | 10-12 | 13-15 || total
-------------------------+-------+-------+-------+-------+-------++-------
Melee: Hand axe          |    95 |    80 |       |       |       ||   175
       Headbutt          |    22 |    25 |    63 |   138 |    16 ||   264
       Mace              |       |    52 |    13 |       |       ||    65
       War axe           |       |       |   248 |       |       ||   248
       Battleaxe         |       |       |    64 |   558 |    73 ||   695
Invok: Trog's Hand       |       |       |     3 |     8 |     1 ||    12
       Berserk           |       |       |     3 |     6 |     1 ||    10
  Use: Scroll            |       |       |       |    16 |       ||    16
  Eat: Chunk             |     2 |     6 |    11 |    23 |     4 ||    46
       Ration            |       |       |     2 |     5 |       ||     7
Armor: Chain mail        |    40 |    87 |   110 |       |       ||   237
       Animal skin       |     2 |       |       |       |       ||     2
       Plate armour      |       |       |   102 |   319 |    56 ||   477
Dodge: Dodged            |    53 |    54 |   140 |   189 |    41 ||   477
Block: Buckler           |       |       |     7 |       |       ||     7
